 Dungeon Sprint DCSS version 0.27-a0-1036-g8e1b44f6bd (webtiles) character file.

Game seed: 10302153636857754267

40437 mhtbhm the Sorcerer (level 13, -11/74 HPs)
             Began as a Deep Elf Fire Elementalist on Apr 18, 2021.
             Was the Champion of Vehumet.
             Mangled by a pearl dragon (12 damage)
             ... in the Dungeon (Sprint V: "Ziggurat Sprint").
             The game lasted 00:12:30 (1888 turns).

mhtbhm the Sorcerer (Deep Elf Fire Elementalist)    Turns: 1888, Time: 00:12:31

Health: -11/74     AC:  9    Str:  7    XL:     13   Next: 74%
Magic:  28/41      EV: 18    Int: 38    God:    Vehumet [******]
Gold:   0          SH:  0    Dex: 15    Spells: 36/57 levels left

rFire    . . .     SeeInvis .   C - +8 lance "Wyrmbane" {slay drac, rPois rF+ rC+ AC+3}
rCold    + . .     Faith    .   (no shield)
rNeg     . . .     Spirit   .   a - +1 robe "Akiarev" {+Inv rElec rF- Str+2}
rPois    +         Reflect  .   H - +1 hat
rElec    +         Harm     .   t - +1 cloak {rCorr}
rCorr    +         Rampage  .   (no gloves)
Will     +....     Rnd*Rage +   (no boots) Stlth ++........NoTele +
                                (no amulet)
HPRegen  0.22/turn              u - +6 ring of intelligence
MPRegen  0.27/turn              v - +6 ring of intelligence

@: glowing
A: berserk 1
a: Renounce Religion, Evoke Invisibility


You were in the Dungeon.
You worshipped Vehumet.
Vehumet was exalted by your worship.
You visited 1 branch

Inventory:

Hand Weapons
 C - the +8 lance "Wyrmbane" (weapon) {slay drac, rPois rF+ rC+ AC+3}
   (You found it in the Dungeon)

   It affects your AC (+3).
   It protects you from fire.
   It protects you from cold.
   It protects you from poison.
 G - the +10 zealot's sword {holy, *Rage rN+ EV+3}
   (You found it in the Dungeon)

   It has been blessed by the Shining One to cause great damage to the undead
   and demons.
   It affects your evasion (+3).
   It protects you from negative energy.
   It may make you go berserk in combat.
Missiles
 s - 4 throwing nets
Armour
 a - the +1 robe "Akiarev" (worn) {+Inv rElec rF- Str+2}
   (You found it in the Dungeon)

   It affects your strength (+2).
   It makes you vulnerable to fire.
   It insulates you from electricity.
   It lets you turn invisible.
 t - a +1 cloak of preservation (worn)
 H - a +1 hat (worn)
Jewellery
 u - a +6 ring of intelligence (left hand)
 v - a +6 ring of intelligence (right hand)
Wands
 y - a wand of mindburst (7)
 A - a wand of acid (1)
 D - a wand of flame (15)
 E - a wand of polymorph (8)
 J - a wand of paralysis (9)
Scrolls
 h - 3 scrolls of blinking
 m - 4 scrolls of amnesia
 n - 7 scrolls of fog
 o - a scroll of holy word
 p - 5 scrolls of identify
 q - a scroll of fear
Potions
 b - 2 potions of brilliance
 c - 9 potions of curing
 d - 7 potions of heal wounds
 e - 6 potions of haste
 f - 7 potions of magic
 g - 3 potions of berserk rage
 i - 2 potions of invisibility
 j - 4 potions of resistance
 k - 2 potions of experience
 l - 8 potions of might
Miscellaneous
 r - a piece from Xom's chessboard (15/15)
 w - a condenser vane
 x - a box of beasts
 B - a lightning rod (4/4)
 F - a piece from Xom's chessboard (15/15)
 O - a tin of tremorstones (2/2)


   Skills:
 + Level 5.8 Fighting
 + Level 3.0 Polearms
 + Level 12.5 Dodging
 + Level 11.6 Stealth
 + Level 22.7 Spellcasting
 + Level 17.2 Conjurations
 + Level 21.6 Fire Magic
 + Level 12.0 Evocations


You had 36 spell levels left.
You knew the following spells:

 Your Spells              Type           Power      Damage    Failure   Level
a - Foxfire               Conj/Fire      100%       2x1d9     0%          1
b - Conjure Flame         Conj/Fire      100%       6-21      0%          3
c - Inner Flame           Hex/Fire       90%        N/A       0%          3
d - Sticky Flame          Conj/Fire      100%       2d11      0%          4
e - Fireball              Conj/Fire      56%        3d22      0%          5
f - Lee's Rapid Deconstr  Erth           21%        3d13*     4%          5

Your spell library contained the following spells:

 Spells                   Type           Power      Damage    Failure   Level
 Conjure Ball Lightning   Conj/Air       41%        3x3d13    1%          6
 Magic Dart               Conj           100%       1d8       0%          1
 Shock                    Conj/Air       100%       1d9       0%          1
 Searing Ray              Conj           100%       3d7       0%          2
 Animate Skeleton         Necr           86%        N/A       1%          1
 Apportation              Tloc           86%        N/A       1%          1
 Beastly Appendage        Tmut           86%        N/A       1%          1
 Corona                   Hex            47%        N/A       1%          1
 Pain                     Necr           100%       1d9       1%          1
 Sandblast                Erth           86%        2d18      1%          1
 Sting                    Tmut/Pois      100%       1d8       1%          1
 Summon Small Mammal      Summ           100%       N/A       1%          1
 Call Imp                 Summ           43%        N/A       1%          2
 Passwall                 Tmut/Erth      35%        N/A       1%          2
 Poisonous Vapours        Pois/Air       86%        N/A       1%          2
 Slow                     Hex            43%        N/A       1%          2
 Static Discharge         Conj/Air       83%        N/A       1%          2
 Call Canine Familiar     Summ           43%        N/A       1%          3
 Dazzling Flash           Conj/Hex       100%       N/A       1%          3
 Frozen Ramparts          Ice            86%        1d10      1%          3
 Gell's Gravitas          Tloc           21%        N/A       1%          3
 Ignite Poison            Fire/Tmut/Pois 78%        N/A       1%          3
 Lesser Beckoning         Tloc           21%        N/A       1%          3
 Mephitic Cloud           Conj/Pois/Air  72%        N/A       1%          3
 Portal Projectile        Hex/Tloc       86%        N/A       1%          3
 Stone Arrow              Conj/Erth      100%       3d13      1%          3
 Swiftness                Air            43%        N/A       1%          3
 Teleport Other           Tloc           43%        N/A       1%          3
 Tukima's Dance           Hex            43%        N/A       1%          3
 Vampiric Draining        Necr           21%        2d9       1%          3
 Airstrike                Air            21%        N/A       1%          4
 Fulminant Prism          Conj/Hex       41%        3d20      1%          4
 Hailstorm                Conj/Ice       83%        3d17      1%          4
 Iskenderun's Mystic Bla  Conj/Tloc      83%        2d16      1%          4
 Olgreb's Toxic Radiance  Pois           43%        N/A       1%          4
 Irradiate                Conj/Tmut      41%        3d27      1%          5
 Lightning Bolt           Conj/Air       41%        1d60      1%          5
 Freezing Cloud           Conj/Ice/Air   36%        6-21      2%          6
 Animate Armour           Summ/Erth      86%        N/A       5%          4
 Animate Dead             Necr           21%        N/A       5%          4
 Cause Fear               Hex            21%        N/A       5%          4
 Leda's Liquefaction      Hex/Erth       21%        N/A       5%          4
 Passage of Golubria      Tloc           N/A        N/A       5%          4
 Petrify                  Tmut/Erth      43%        N/A       5%          4
 Summon Ice Beast         Ice/Summ       43%        N/A       5%          4
 Summon Lightning Spire   Summ/Air       43%        N/A       5%          4
 Agony                    Necr           43%        N/A       16%         5
 Silence                  Hex/Air        21%        N/A       16%         5
 Summon Forest            Summ/Tloc      21%        N/A       16%         5
 Summon Mana Viper        Hex/Summ       43%        N/A       16%         5
 Blade Hands              Tmut           21%        N/A       63%         6
 Dispersal                Tloc           21%        N/A       63%         6
 Simulacrum               Ice/Necr       21%        N/A       63%         6
 Statue Form              Tmut/Erth      28%        N/A       63%         6
 Dragon Form              Tmut           21%        N/A       99%         7
 Malign Gateway           Summ/Tloc      21%        N/A       99%         7
 Disjunction              Tloc           21%        N/A       100%        8
 Dragon's Call            Summ           21%        N/A       100%        9


Dungeon Overview and Level Annotations

Branches:
Dungeon (1/1)

Altars:
Ashenzari
Cheibriados
Dithmenos
Elyvilon
Fedhas
Gozag
Hepliaklqana
Kikubaaqudgha
Makhleb
Nemelex Xobeh
Okawaru
Qazlal
Ru
Sif Muna
Trog
Uskayaw
Vehumet
Wu Jian
Xom
Yredelemnul
Zin
The Shining One
Beogh
Jiyva
Lugonu

Annotations:
D 1 transporter


Innate Abilities, Weirdness & Mutations

You tend to lose your temper in combat.


Message History

Confirm with . or Enter, or press ? or * to list all spells.
Aiming: Fireball (safe; 0% risk of failure)
Press: ? - help, Shift-Dir - straight line, f - pearl dragon
Aim: a pearl dragon (thunder, almost dead, haloed)
The fireball explodes!
The fireball engulfs the pearl dragon!!
You kill the pearl dragon!
Vehumet accepts your kill.
You feel your power returning.
You hear a sizzling sound!
The fireball engulfs the daeva!!!
The daeva is severely wounded.
You hear a sizzling sound!
The fireball engulfs the pearl dragon!!!
The pearl dragon is severely wounded.
Your condenser vane has recharged.
Your Conjurations skill increases to level 17!
Your Evocations skill increases to level 12!
Unknown command.
Unknown command.
Unknown command.
Casting: Fireball (safe; 0% risk of failure)
Confirm with . or Enter, or press ? or * to list all spells.
Aiming: Fireball (safe; 0% risk of failure)
Press: ? - help, Shift-Dir - straight line, f - daeva
Aim: a daeva, wielding a +2 scimitar of holy wrath (severely wounded, haloed)
The fireball explodes!
The fireball engulfs the daeva!!
The daeva is almost dead.
You hear a sizzling sound! x2
The daeva calls down the wrath of the Shining One upon you.
The Shining One smites you!
* * * LOW HITPOINT WARNING * * *
Unknown command.
You feel much better.
The pearl dragon breathes cleansing flame at you.
The blast of cleansing flame engulfs you!!
* * * LOW HITPOINT WARNING * * *
The pearl dragon bites you!
* * * LOW HITPOINT WARNING * * *
The pearl dragon claws you!
You die...

▓..©..▓..©..▓▓
▓▓▓▓▓▓▓▓▓▓▓▓▓▓▓
▓..8©8...▓..8©8
▓..|.|...▓..[).
▓........▓.....
▓▓▓▓▓▓▓▓▓▓....)...▓..).)
..8©8.§§.▓..=)....▓...).
|[[|"§§§§▓........▓.▓.).
▓...§§§☼§§@§▓...©....▓...©.
▓...§§§§A§D§▓▓▓▓▓▓▓▓▓▓▓▓▓▓▓
▓....§..§...▓...8©8...▓..8©
▓....§..§...▓...}.....▓..)|
▓....§§§§§..▓...)}|...▓..=.
..▓..§§§▓..▓....†....▓..)†
▓.▓...▓§▓.▓.....[...▓...†
▓..▓.....▓..▓..†......▓....
▓....§§§§...▓.........▓....


You could see a daeva and a pearl dragon (catching breath).

Vanquished Creatures
  2 pearl dragons (D)
  2 deep elf blademasters (D)
  A deep elf master archer (D)
  Gastronok (D)
  A deep elf sorcerer (D)
  2 very ugly things (D)
  An ophan (D)
  2 deep elf annihilators (D)
  An apis (D)
  2 merfolk javelineers (D)
  A deep elf high priest (D)
  3 merfolk impalers (D)
  Erolcha (D)
  Harold (D)
  2 merfolk aquamancers (D)
  A merfolk avatar (D)
  An anaconda (shapeshifter) (D)
  A dancing weapon (D)
  Erica (D)
  2 shock serpents (shapeshifter) (D)
  A deep elf knight (D)
  A death drake (shapeshifter) (D)
  A deep elf archer (D)
  A deep elf zephyrmancer (D)
  3 deep elf pyromancers (D)
  A cyclops (D)
  A merfolk siren (D)
  A water nymph (D)
  2 rime drakes (D)
  2 guardian mummies (D)
  A komodo dragon (shapeshifter) (D)
  A wind drake (shapeshifter) (D)
  Grinder (D)
  4 merfolk (D)
  A dream sheep (shapeshifter) (D)
  A flying skull (D)
  Sigmund (D)
  A water elemental (D)
  4 spriggans (D)
  A basilisk (shapeshifter) (D)
  Eustachio (D)
  2 neqoxecs (D)
  2 steam dragons (D)
  Grum (D)
  Edmund (D)
  2 acid dragons (D)
  Duvessa (D)
  A hell hound (D)
  A swamp drake (D)
  3 black bears (D)
  2 ice beasts (D)
  3 wolves (D)
  Blork the orc (D)
  Dowan (D)
  Crazy Yiuf (D)
  Jessica (D)
  Ijyb (D)
  3 mummies (D)
  An ufetubus (D)
  A jackal zombie (D)
  A quokka simulacrum (D)
90 creatures vanquished.

Vanquished Creatures (others)
  A bat skeleton (D)
  11 foxfires (D)
12 creatures vanquished.

Grand Total: 102 creatures vanquished

Notes
Turn   | Place    | Note
-------+----------+-------------------------------------------
     0 | D        | mhtbhm the Deep Elf Fire Elementalist began the quest for
                  | the Orb.
     0 | D        | Reached XP level 1. HP: 10/10 MP: 6/6
     0 | D        | Found a shimmering blue altar of Sif Muna.
     0 | D        | Found a bloodstained altar of Trog.
     0 | D        | Found a sacrificial altar of Ru.
     0 | D        | Found a stormy altar of Qazlal.
     0 | D        | Found an iron altar of Okawaru.
     1 | D        | Found a sparkling altar of Nemelex Xobeh.
     1 | D        | Found a blossoming altar of Fedhas.
     2 | D        | Found the +6 Majin-Bo {vamp, MP+6 Int+6}
     2 | D        | Found the +9 heavy crossbow "Sniper" {vorpal, Acc+∞ SInv}
     2 | D        | Found the +10 dark maul {vorpal}
     2 | D        | Found the +15 Maxwell's patent armour {-Cast -Tele rElec
                  | Will+ rCorr}
     2 | D        | Found the +18 shield of the Gong {rElec rN+ Will+ EV-5}
     2 | D        | Found the +14 obsidian axe {vorpal, Drain Fly SInv}
     2 | D        | Found the +7 great mace "Firestarter" {inner flame, rF++}
     2 | D        | Found the +6 shillelagh "Devastator" {shatter}
     2 | D        | Found the +11 plutonium sword {Contam Stlth-}
     2 | D        | Found the +8 lance "Wyrmbane" {slay drac, rPois rF+ rC+
                  | AC+3}
     2 | D        | Found the +9 sword of Zonguldrok {reap}
     2 | D        | Found the +13 scythe of Curses {drain, Drain}
     2 | D        | Found the +5 sword of Power {vorpal}
     2 | D        | Found the +7 mace of Variability {chain chaos}
     2 | D        | Found the +7 Singing Sword {vorpal, sonic wave}
     2 | D        | Found the +8 storm bow {elec, penet}
     3 | D        | Found a transporter.
     3 | D        | Found an ancient bone altar of Kikubaaqudgha.
     3 | D        | Found a viscous altar of Jiyva.
     3 | D        | Found a corrupted altar of Lugonu.
     3 | D        | Found a hazy altar of Hepliaklqana.
     3 | D        | Found a burning altar of Makhleb.
     3 | D        | Found an opulent altar of Gozag.
    52 | D        | Became a worshipper of Vehumet
    69 | D        | Entered arena 2.
    69 | D        | Noticed an ice beast
    69 | D        | Noticed an ice beast
    69 | D        | Found a transporter.
    83 | D        | Killed an ice beast
    84 | D        | Reached skill level 5 in Spellcasting
    84 | D        | Reached XP level 2. HP: 10/16 MP: 2/10
    84 | D        | Reached XP level 3. HP: 12/20 MP: 2/12
    84 | D        | Reached XP level 4. HP: 15/24 MP: 2/13
    86 | D        | Killed an ice beast
    87 | D        | Reached skill level 5 in Dodging
    87 | D        | Reached skill level 6 in Spellcasting
    87 | D        | Reached XP level 5. HP: 18/28 MP: 1/16
   203 | D        | Learned a level 3 spell: Conjure Flame
   207 | D        | Learned a level 3 spell: Inner Flame
   212 | D        | Learned a level 4 spell: Sticky Flame
   218 | D        | Learned a level 5 spell: Fireball
   218 | D        | Entered arena 3.
   218 | D        | Noticed a hell hound
   218 | D        | Found a transporter.
   219 | D        | Found the +6 lightning scales {swift rElec}
   219 | D        | Reached * piety under Vehumet
   219 | D        | Offered knowledge of Magic Dart by Vehumet.
   220 | D        | Reached skill level 1 in Fighting
   220 | D        | Killed a hell hound
   221 | D        | Reached skill level 5 in Stealth
   221 | D        | Reached skill level 7 in Spellcasting
   221 | D        | Reached skill level 10 in Fire Magic
   221 | D        | Reached skill level 1 in Evocations
   221 | D        | Reached XP level 6. HP: 34/34 MP: 16/18
   236 | D        | Entered arena 4.
   236 | D        | Noticed a spriggan
   236 | D        | Noticed a spriggan
   236 | D        | Found a transporter.
   237 | D        | Reached ** piety under Vehumet
   238 | D        | Reached skill level 8 in Spellcasting
   238 | D        | Killed a spriggan
   239 | D        | Reached skill level 9 in Spellcasting
   239 | D        | Reached XP level 7. HP: 38/38 MP: 9/21
   239 | D        | Killed a spriggan
   240 | D        | Reached skill level 10 in Spellcasting
   244 | D        | Got Thaumaturgy, Part Four
   246 | D        | Got the ring of the Monkey {rPois Str+6 Dex+3 SInv}
   339 | D        | Entered arena 5.
   339 | D        | Noticed a merfolk
   339 | D        | Noticed a merfolk
   339 | D        | Noticed a merfolk
   339 | D        | Noticed a merfolk
   339 | D        | Found a transporter.
   342 | D        | Killed a merfolk
   342 | D        | Killed a merfolk
   342 | D        | Reached *** piety under Vehumet
   343 | D        | Reached XP level 8. HP: 43/43 MP: 9/24
   344 | D        | Killed a merfolk
   345 | D        | Reached skill level 11 in Spellcasting
   349 | D        | Killed a merfolk
   477 | D        | Entered arena 6.
   477 | D        | Noticed a +0 mace of protection
   477 | D        | Noticed a deep elf knight
   477 | D        | Noticed a deep elf archer
   477 | D        | Noticed a deep elf pyromancer
   477 | D        | Found a transporter.
   480 | D        | Offered knowledge of Sandblast by Vehumet.
   482 | D        | Killed a +0 mace of protection
   482 | D        | Reached **** piety under Vehumet
   482 | D        | Killed a deep elf knight
   483 | D        | Reached skill level 13 in Spellcasting
   483 | D        | Reached skill level 5 in Conjurations
   483 | D        | Reached skill level 15 in Fire Magic
   483 | D        | Reached XP level 9. HP: 15/49 MP: 22/28
   483 | D        | Killed a deep elf archer
   483 | D        | Killed a deep elf pyromancer
   483 | D        | Reached ***** piety under Vehumet
   484 | D        | Reached skill level 1 in Polearms
   484 | D        | Reached skill level 10 in Dodging
   484 | D        | Reached skill level 5 in Evocations
   624 | D        | Got the Compendium of the Badger
   695 | D        | Entered arena 7.
   696 | D        | Offered knowledge of Stone Arrow by Vehumet.
   697 | D        | Reached XP level 10. HP: 56/56 MP: 24/29
   698 | D        | Reached skill level 14 in Spellcasting
   700 | D        | Found a transporter.
   707 | D        | Got the ring "Teteupto" {rPois rF+ Will+ Int-2 SInv}
   786 | D        | Entered arena 8.
   786 | D        | Noticed Sigmund
   786 | D        | Noticed Jessica
   786 | D        | Noticed Blork the orc
   786 | D        | Noticed Crazy Yiuf
   786 | D        | Noticed Dowan
   786 | D        | Noticed Duvessa
   787 | D        | Killed Sigmund
   787 | D        | Killed Jessica
   788 | D        | Killed Crazy Yiuf
   788 | D        | Killed Dowan
   788 | D        | Killed Blork the orc
   789 | D        | Killed Duvessa
   789 | D        | Reached ****** piety under Vehumet
   790 | D        | Found a transporter.
   830 | D        | Entered arena 9.
   831 | D        | Found the +10 zealot's sword {holy, *Rage rN+ EV+3}
   831 | D        | Offered knowledge of Frozen Ramparts by Vehumet.
   833 | D        | Reached skill level 10 in Stealth
   919 | D        | Found a transporter.
   930 | D        | Got Qoruz's Collected Works on Displacement
   949 | D        | Entered arena 10.
   953 | D        | Reached skill level 15 in Spellcasting
   953 | D        | Found a transporter.
  1008 | D        | Got the +1 robe "Akiarev" {+Inv rElec rF- Str+2}
  1027 | D        | Got Sif Muna's Collected Works on Orientation and
                  | Necromancy
  1031 | D        | Entered arena 11.
  1031 | D        | Noticed Edmund
  1031 | D        | Noticed Erica
  1031 | D        | Noticed Erolcha
  1031 | D        | Noticed Eustachio
  1031 | D        | Noticed Gastronok
  1031 | D        | Noticed Grum
  1031 | D        | Noticed Grinder
  1031 | D        | Noticed Harold
  1031 | D        | Noticed Ijyb
  1032 | D        | Identified the +1 scale mail "Abru" {rC+ MP-9 Str+2 Dex+4}
  1033 | D        | Killed Ijyb
  1033 | D        | Offered knowledge of Mephitic Cloud by Vehumet.
  1033 | D        | Killed Grinder
  1034 | D        | Killed Grum
  1034 | D        | Killed Erolcha
  1035 | D        | Reached XP level 11. HP: 60/60 MP: 27/32
  1035 | D        | Killed Harold
  1035 | D        | Killed Erica
  1035 | D        | Killed Eustachio
  1036 | D        | Reached skill level 16 in Spellcasting
  1036 | D        | Reached skill level 10 in Conjurations
  1038 | D        | Killed Gastronok
  1050 | D        | Found a transporter.
  1052 | D        | Killed Edmund
  1178 | D        | Got the ring of Relativism {Ice rPois Stlth+}
  1187 | D        | Got the Papyrus of Captivating Creation
  1293 | D        | Entered arena 12.
  1293 | D        | Noticed a deep elf pyromancer
  1293 | D        | Noticed a deep elf sorcerer
  1293 | D        | Noticed a deep elf zephyrmancer
  1293 | D        | Noticed a deep elf master archer
  1293 | D        | Noticed a deep elf high priest
  1293 | D        | Noticed a deep elf annihilator
  1293 | D        | Noticed a deep elf annihilator
  1294 | D        | Found the ring of Shadows {Umbra +Inv Stlth+}
  1294 | D        | Noticed a deep elf blademaster
  1294 | D        | Noticed a deep elf blademaster
  1295 | D        | Killed a deep elf pyromancer
  1295 | D        | Offered knowledge of Iskenderun's Battlesphere by Vehumet.
  1295 | D        | Noticed a deep elf pyromancer
  1296 | D        | Killed a deep elf high priest
  1297 | D        | Reached skill level 17 in Spellcasting
  1297 | D        | Killed a deep elf blademaster
  1299 | D        | Killed a deep elf annihilator
  1300 | D        | Reached skill level 18 in Spellcasting
  1300 | D        | Killed a deep elf master archer
  1300 | D        | Killed a deep elf sorcerer
  1301 | D        | Reached XP level 12. HP: 30/67 MP: 36/36
  1301 | D        | Killed a deep elf annihilator
  1302 | D        | Killed a deep elf blademaster
  1303 | D        | Reached skill level 5 in Fighting
  1303 | D        | Reached skill level 19 in Spellcasting
  1428 | D        | Found a transporter.
  1437 | D        | Got Sif Muna's Disquisition on Creative Heat
  1521 | D        | Entered arena 13.
  1521 | D        | Noticed a merfolk javelineer
  1521 | D        | Noticed a merfolk impaler
  1521 | D        | Noticed a merfolk avatar
  1521 | D        | Noticed a merfolk javelineer
  1521 | D        | Noticed a merfolk aquamancer
  1521 | D        | Noticed a merfolk impaler
  1521 | D        | Noticed a merfolk aquamancer
  1522 | D        | Identified the +4 quarterstaff "Leviticus" {distort, Str+6}
  1522 | D        | Noticed a merfolk impaler
  1524 | D        | Killed a merfolk javelineer
  1524 | D        | Offered knowledge of Ozocubu's Refrigeration by Vehumet.
  1524 | D        | Killed a merfolk javelineer
  1524 | D        | Killed a merfolk aquamancer
  1524 | D        | Killed a merfolk impaler
  1525 | D        | Reached skill level 20 in Spellcasting
  1525 | D        | Killed a merfolk impaler
  1526 | D        | Reached skill level 10 in Evocations
  1526 | D        | Killed a merfolk avatar
  1527 | D        | Killed a merfolk aquamancer
  1528 | D        | Reached skill level 15 in Conjurations
  1528 | D        | Killed a merfolk impaler
  1529 | D        | Reached XP level 13. HP: 48/72 MP: 29/39
  1636 | D        | Found a transporter.
  1655 | D        | Got the ring of Mafrem {rElec rF+ rC- Str+4}
  1658 | D        | Got Sif Muna's Volume of Dislocation and Beguiling
  1685 | D        | Entered arena 14.
  1686 | D        | Noticed a brown very ugly thing
  1686 | D        | Noticed a red very ugly thing
  1688 | D        | Offered knowledge of Orb of Destruction by Vehumet.
  1689 | D        | Reached skill level 21 in Spellcasting
  1690 | D        | Gained mutation: You tend to lose your temper in combat. [a
                  | neqoxec]
  1693 | D        | Killed a red very ugly thing
  1693 | D        | Killed a brown very ugly thing
  1840 | D        | Found a transporter.
  1847 | D        | Got the ring of Beogh's Displeasure {Fire Int+4 Dex+4
                  | Slay-5 SInv}
  1855 | D        | Got the Guide on the Shifting Snowflakes
  1857 | D        | Got the ring "Baecalef" {Fly rC+ Dex+6}
  1869 | D        | Learned a level 5 spell: Lee's Rapid Deconstruction
  1873 | D        | Entered arena 15.
  1874 | D        | Noticed an apis
  1874 | D        | Noticed an ophan
  1875 | D        | Found the brooch of Shielding {Spirit SH+8}
  1876 | D        | Noticed a pearl dragon
  1876 | D        | Noticed a pearl dragon
  1876 | D        | Noticed a pearl dragon
  1878 | D        | Killed an ophan
  1878 | D        | Offered knowledge of Conjure Ball Lightning by Vehumet.
  1878 | D        | Identified the +7 longbow of Xoetixoy {vorpal, rPois rN++
                  | Str+3 Int-4}
  1878 | D        | Noticed a daeva
  1879 | D        | Reached skill level 22 in Spellcasting
  1881 | D        | Killed an apis
  1881 | D        | Killed a pearl dragon
  1884 | D        | Found a transporter.
  1886 | D        | Killed a pearl dragon
  1888 | D        | HP: 1/74 [pearl dragon (10)]
  1888 | D        | Mangled by a pearl dragon

Illustrated notes

Levels and vault maps discovered:
D:        sprint_v [room_start, room_1, room_2, room_3, room_4, room_5, room_6,
          room_7, room_8, room_9, room_10, room_11, room_12, room_13, room_14,
          room_15, room_16, room_17, room_18, room_19, room_20, room_21,
          room_22, room_23, room_24, room_25, room_26, room_27]

Skill      XL: |  1  2  3  4  5  6  7  8  9 10 11 12 13 |
---------------+----------------------------------------+-----
Dodging        | 4 5 6 7 8 9 10 11 12 | 12.5
Stealth        | 4 5 6 7 9 10 11 | 11.6
Spellcasting   | 5 6 7 9 10 13 15 18 20 22 | 22.7
Fire Magic     | 7 9 10 12 13 15 16 17 19 20 21 | 21.6
Fighting       | 1 2 3 4 5 |  5.8
Conjurations   | 2 5 6 9 13 15 17 | 17.2
Evocations     | 1 2 4 5 6 9 10 12 | 12.0
Polearms       | 1 2 3 |  3.0

Action                   |  1- 3 |  4- 6 |  7- 9 | 10-12 | 13-15 || total
-------------------------+-------+-------+-------+-------+-------++-------
Melee: Lance             |       |       |     5 |       |     1 ||     6
 Cast: Foxfire           |     5 |     1 |       |       |       ||     6
       Fireball          |       |     2 |     8 |    35 |    10 ||    55
       Sticky Flame      |       |       |     1 |       |       ||     1
Evoke: Wand              |     1 |     3 |     3 |     2 |     4 ||    13
       Condenser vane    |       |       |     1 |     5 |     5 ||    11
       Lightning rod     |       |       |       |     1 |       ||     1
       Tin of tremorston |       |       |       |       |     2 ||     2
  Use: Potion            |     3 |       |       |       |     1 ||     4
       Scroll            |     1 |       |       |       |     1 ||     2
Armor: Robe              |     1 |       |       |       |     1 ||     2
Dodge: Dodged            |     5 |     2 |     9 |     7 |     1 ||    24

Table legend: (Time is in decaauts)
 A = Elapsed time spent in this place.
 B = Non-inter-level travel time spent in this place.
 C = Inter-level travel time spent in this place.
 D = Time resting spent in this place.
 E = Time spent auto-exploring this place.
 F = Levels seen in this place.
 G = Mean time per level.
                   A        B        C        D        E       F      G
               +--------+--------+--------+--------+--------+-----+--------+
         Total |   1916 |   1916 |      0 |   1330 |      0 |   1 | 1916.0 |
       Dungeon |   1916 |   1916 |      0 |   1330 |      0 |   1 | 1916.0 |
               +--------+--------+--------+--------+--------+-----+--------+

Top non-repeatable levels by time:
       D: 1916 daAuts
